 Dungeon Crawl Stone Soup version 0.30.1-4-g462c640d31 (webtiles) character file.

Game seed: 13481333999669449214

96 GimliDwarf the Slicer (level 4, 0/34 HPs)
             Began as a Gnoll Wanderer on Aug 10, 2023.
             Slain by a gnoll
             ... wielding a +0 flail
              (6 damage)
             ... on level 3 of the Dungeon.
             The game lasted 00:03:43 (1439 turns).

GimliDwarf the Slicer (Gnoll Wanderer)              Turns: 1439, Time: 00:03:45

Health: 0/34       AC:  3    Str: 13    XL:     4   Next: 67%
Magic:  5/5        EV: 11    Int:  8    God:
Gold:   45         SH:  0    Dex: 15    Spells: 5/5 levels left

rFire   . . .        a - +2 short sword
rCold   . . .        (no shield)
rNeg    . . .        f - +0 leather armour
rPois   .            (no helmet)
rElec   .            (no cloak)
rCorr   .            (no gloves)
SInv    .            (no boots)
Will    .....        (no amulet)
Stlth   ++           (no ring)
HPRegen 0.25/turn    (no ring)
MPRegen 0.09/turn

%: no passive effects
@: no status effects
A: fangs 1, strong nose, distributed training
a: no special abilities


You were on level 3 of the Dungeon.
You visited 1 branch of the dungeon, and saw 3 of its levels.

You collected 45 gold pieces.

Inventory:

Hand Weapons
 a - a +2 short sword (weapon)
 b - a +0 falchion
 d - a +0 dagger
Missiles
 c - 12 poisoned darts (quivered)
 k - 2 boomerangs
Armour
 f - a +0 leather armour (worn)
Scrolls
 i - 2 scrolls of magic mapping {unknown}
 m - 2 scrolls of vulnerability {unknown}
 n - 2 scrolls of identify {unknown}
 p - a scroll of amnesia {unknown}
Potions
 e - 3 potions of heal wounds
 g - a potion of haste {unknown}
 h - a potion of degeneration {unknown}
 j - a potion of might {unknown}
 l - a potion of berserk rage {unknown}
 o - a potion of flight {unknown}


   Skills:
 + Level 2.8 Fighting
 + Level 8.6 Short Blades
 + Level 2.8 Long Blades
 + Level 1.2 Axes
 + Level 1.2 Maces & Flails
 + Level 1.2 Polearms
 + Level 1.2 Staves
 + Level 1.2 Ranged Weapons
 + Level 6.6 Throwing
 + Level 2.8 Armour
 + Level 1.2 Dodging
 + Level 1.2 Stealth
 + Level 1.2 Shields
 + Level 1.2 Unarmed Combat
 + Level 1.2 Spellcasting
 + Level 1.0 Conjurations
 + Level 1.0 Hexes
 + Level 1.0 Summonings
 + Level 1.0 Necromancy
 + Level 1.0 Translocations
 + Level 1.0 Transmutations
 + Level 1.0 Fire Magic
 + Level 1.0 Ice Magic
 + Level 1.0 Air Magic
 + Level 1.0 Earth Magic
 + Level 1.0 Poison Magic
 + Level 1.4 Invocations
 + Level 1.2 Evocations


You had 5 spell levels left.
You didn't know any spells.
Your spell library was empty.

Dungeon Overview and Level Annotations

Branches:
Dungeon (3/15)

Altars:


Innate Abilities, Weirdness & Mutations

You have very sharp teeth.
Your uncanny sense of smell can sniff out nearby items.
Your experience applies equally to all skills.


Message History

You hit the bat but do no damage. Your bite misses the bat.
The hobgoblin shouts!
The adder hisses angrily.
The bat completely misses you.
You closely miss the bat. The bat hits you but does no damage.
You hit the bat but do no damage. The bat barely misses you.
You closely miss the bat. The bat barely misses you.
You hit the bat.
You kill the bat!
An adder comes into view.
The dart slug briefly extends its eye-stalks.
The adder hisses angrily.
The adder misses you.
You climb upwards.
There is a stone staircase leading down here.
There is a stone staircase leading down here.
You climb downwards.
Found four items.
Found a stone staircase leading up.
There is a stone staircase leading up here.
The helpless gnoll fails to defend itself.
You impale the gnoll!!
You kill the gnoll!
The gnoll shouts! x2
The bat hits you. The bat closely misses you. The gnoll barely misses you.
The gnoll hits you with a +0 club. The gnoll attacks as you move away!
The gnoll hits you with a +0 club! The bat barely misses you.
The gnoll attacks as you move away! The gnoll hits you with a +0 club.
The bat hits you. The gnoll hits you with a +0 flail!
* * * LOW HITPOINT WARNING * * *
The bat hits you but does no damage.
There is a stone staircase leading up here.
The bat hits you.
* * * LOW HITPOINT WARNING * * *
The gnoll hits you from afar with a +0 spear of flaming.
* * * LOW HITPOINT WARNING * * *
The gnoll burns you.
* * * LOW HITPOINT WARNING * * *
The gnoll hits you with a +0 flail.
You die...

#.......# ..
##.......# #
#.?
##........#..
..#
#...........#
#..#
###...........#
#.............#
#..g......#.
#..gg).......
#...@b#######
#......<...$
#......###..
#....?...
#...!####.
#....# # ###.##
#.


You could see 3 gnolls and a bat.

Vanquished Creatures
  An iguana (D:2)
  A gnoll (D:3)
  An adder (D:2)
  A worm (D:2)
  7 ball pythons
  5 bats
  3 endoplasms
  4 giant cockroaches
  6 goblins
  4 hobgoblins
  4 kobolds
  A quokka (D:1)
  4 frilled lizards
  3 rats
45 creatures vanquished.

Notes
Turn   | Place    | Note
-------+----------+-------------------------------------------
     0 | D:1      | GimliDwarf the Gnoll Wanderer began the quest for the Orb.
     0 | D:1      | GimliDwarf set off with the following items: a +2 short
                  | sword, a +0 falchion, 13 poisoned darts, a +0 dagger, a
                  | potion of heal wounds, a +0 leather armour.
     0 | D:1      | Reached XP level 1. HP: 17/17 MP: 1/1
    76 | D:1      | Reached XP level 2. HP: 21/23 MP: 2/2
   582 | D:1      | Reached XP level 3. HP: 28/28 MP: 3/3
   874 | D:2      | Reached skill level 1 in Invocations
  1110 | D:2      | Reached skill level 1 in Axes
  1110 | D:2      | Reached skill level 1 in Maces & Flails
  1110 | D:2      | Reached skill level 1 in Polearms
  1110 | D:2      | Reached skill level 1 in Staves
  1110 | D:2      | Reached skill level 1 in Ranged Weapons
  1110 | D:2      | Reached skill level 1 in Dodging
  1110 | D:2      | Reached skill level 1 in Stealth
  1110 | D:2      | Reached skill level 1 in Shields
  1110 | D:2      | Reached skill level 1 in Unarmed Combat
  1110 | D:2      | Reached skill level 1 in Spellcasting
  1110 | D:2      | Reached skill level 1 in Evocations
  1110 | D:2      | Reached XP level 4. HP: 24/34 MP: 5/5
  1214 | D:2      | Reached skill level 1 in Conjurations
  1214 | D:2      | Reached skill level 1 in Hexes
  1214 | D:2      | Reached skill level 1 in Summonings
  1214 | D:2      | Reached skill level 1 in Necromancy
  1214 | D:2      | Reached skill level 1 in Translocations
  1214 | D:2      | Reached skill level 1 in Transmutations
  1214 | D:2      | Reached skill level 1 in Fire Magic
  1214 | D:2      | Reached skill level 1 in Ice Magic
  1214 | D:2      | Reached skill level 1 in Air Magic
  1214 | D:2      | Reached skill level 1 in Earth Magic
  1214 | D:2      | Reached skill level 1 in Poison Magic
  1439 | D:3      | Slain by a gnoll

Illustrated notes

Levels and vault maps discovered:
D:1:      lightli_arrival_quake, layout_basic
D:2:      layout_rooms
D:3:      layout_rooms, gammafunk_ghost_gnarly_gnolls, uniq_robin

Skill      XL: |  1  2  3  4 |
---------------+-------------+-----
Invocations    | 1 |  1.4
Axes           | 1 |  1.2
Maces & Flails | 1 |  1.2
Polearms       | 1 |  1.2
Staves         | 1 |  1.2
Ranged Weapons | 1 |  1.2
Dodging        | 1 |  1.2
Stealth        | 1 |  1.2
Shields        | 1 |  1.2
Unarmed Combat | 1 |  1.2
Spellcasting   | 1 |  1.2
Evocations     | 1 |  1.2
Conjurations   | 1 |  1.0
Hexes          | 1 |  1.0
Summonings     | 1 |  1.0
Necromancy     | 1 |  1.0
Translocations | 1 |  1.0
Transmutations | 1 |  1.0
Fire Magic     | 1 |  1.0
Ice Magic      | 1 |  1.0
Air Magic      | 1 |  1.0
Earth Magic    | 1 |  1.0
Poison Magic   | 1 |  1.0
Fighting       | |  2.8
Short Blades   | |  8.6
Long Blades    | |  2.8
Throwing       | |  6.6
Armour         | |  2.8

Action                     |  1- 3 |  4- 6 || total
---------------------------+-------+-------++-------
  Melee: Short sword       |    99 |    23 ||   122
         Bite              |    10 |       ||    10
  Throw: Dart              |     4 |     6 ||    10
    Use: Potion            |     1 |       ||     1
   Stab: Sleeping          |     3 |     1 ||     4
         Distracted        |       |     1 ||     1
 Armour: Leather armour    |    19 |     8 ||    27
  Dodge: Dodged            |    35 |    19 ||    54
